 Dungeon Crawl Stone Soup version 0.31.0-11-ge490571c62 (webtiles) character file.

Game seed: 8578978074591051588

9 Khashishi the Sneak (level 2, -1/24 HPs)
             Began as a Human Delver on Jan 27, 2024.
             Slain by a jelly (2 damage)
             ... in the Ecumenical Temple.
             The game lasted 00:02:24 (135 turns).

Khashishi the Sneak (Human Delver)                   Turns: 135, Time: 00:02:25

Health: -1/24      AC:  3    Str: 12    XL:     2   Next: 12%
Magic:  2/2        EV: 12    Int: 10    God:
Gold:   0          SH:  0    Dex: 14    Spells: 1/1 levels left

rFire   . . .        a - +0 hand axe
rCold   . . .        (no shield)
rNeg    . . .        h - +0 leather armour
rPois   .            (no helmet)
rElec   .            (no cloak)
rCorr   .            (no gloves)
SInv    .            (no boots)
Will    .....        (no amulet)
Stlth   +++          (no ring)
HPRegen 0.24/turn    (no ring)
MPRegen 0.08/turn

%: no passive effects
@: no status effects
A: explore regen
a: no special abilities


You were in the Ecumenical Temple.
You visited 2 branches of the dungeon, and saw 3 of its levels.

Inventory:

Hand Weapons
 a - a +0 hand axe (weapon)
 b - a +0 dagger
Armour
 h - a +0 leather armour (worn)
Wands
 g - a wand of digging (3)
Scrolls
 c - a scroll of fog


   Skills:
 + Level 3.1 Fighting
 + Level 2.2 Axes
 + Level 2.2 Dodging
 + Level 5.1 Stealth


You had one spell level left.
You didn't know any spells.
Your spell library was empty.

Dungeon Overview and Level Annotations

Branches:
Dungeon (5/15)             Temple (1/1) D:4

Altars:
Ashenzari
Elyvilon
Fedhas
Gozag
Hepliaklqana
Kikubaaqudgha
Okawaru
Trog
Uskayaw
Vehumet
Wu Jian
Xom
Zin


Innate Abilities, Weirdness & Mutations

You regain HP and MP as you explore.


Message History

You have reached level 2!
You hit the endoplasm.
You kill the endoplasm!
Found 10 gold pieces.
Found a staircase to the Ecumenical Temple.
Found 10 gold pieces.
Your extra speed is starting to run out.
The jelly quivers.
There is a staircase to the Ecumenical Temple here.
The jelly barely misses you.
You climb downwards.
Welcome to the Ecumenical Temple!
Found a staircase back to the Dungeon.
There is a staircase back to the Dungeon here.
You hit the jelly.
Your hands burn!
The jelly is lightly wounded.
You hit the jelly.
Your hands burn!
The jelly is moderately wounded.
The jelly barely misses you.
You barely miss the jelly.
The jelly is moderately wounded.
The jelly hits you but does no damage.
You aren't carrying any potions.
Okay, then.
You hit the jelly but do no damage.
Your hands burn!
The jelly is moderately wounded.
The jelly hits you but does no damage.
As you read the scroll of fear, it crumbles to dust.
You assume a fearsome visage.
The jelly looks frightened!
You feel yourself slow down.
You hit the jelly.
Your attack snaps the jelly out of its fear.
Your hands burn!
* * * LOW HITPOINT WARNING * * *
The jelly is moderately wounded.
The jelly barely misses you.
You hit the jelly.
Your hands burn!
* * * LOW HITPOINT WARNING * * *
The jelly is severely wounded.
The jelly hits you.
You die...

.........♣......♣~≈≈~..♣
.......♣♣♣♣.....♣♣~≈≈~♣♣
♣♣.._...♣ ♣♣♣...♣♣♣♣≈♣♣
♣#....♣♣ ♣♣..♣♣ ♣≈≈♣♣
♣.#..♣♣ ♣♣..♣ ♣♣≈≈♣
♣♣♣♣♣♣ ♣..♣♣♣♣♣≈≈♣♣
♣♣....♣♣♣≈≈♣
♣♣.J....♣♣♣≈♣ ♣...@...♣
♣≈♣ ♣♣......♣ ♣♣♣
♣♣♣..♣♣♣ ♣♣♣♣


You could see a jelly.

Vanquished Creatures
  2 endoplasms (D:4)
  2 goblins (D:4)
  A kobold (D:4)
  2 ball pythons (D:4)
7 creatures vanquished.

Notes
Turn   | Place    | Note
-------+----------+-------------------------------------------
     0 | D:5      | Khashishi the Human Delver began the quest for the Orb.
     0 | D:5      | Reached XP level 1. HP: 18/18 MP: 1/1
    28 | D:4      | Noticed a sky beast
    39 | D:4      | Noticed a jelly
    39 | D:4      | Noticed a jelly
    63 | D:5      | Noticed an ogre
    68 | D:4      | Noticed a black bear
   119 | D:4      | Reached XP level 2. HP: 16/24 MP: 2/2
   122 | D:4      | Found a staircase to the Ecumenical Temple.
   128 | Temple   | Entered the Ecumenical Temple
   135 | Temple   | HP: 1/24 [acid (5)]
   135 | Temple   | Slain by a jelly

Illustrated notes

Levels and vault maps discovered:
D:4:      layout_rooms, demons_altar, mainiacjoe_overflow_cross_hatched,
          minmay_temple_entry_hall, ebering_ghost_disaster_area
D:5:      layout_cave_pools, nicolae_overflow_hidden_temple,
          grunt_dithmenos_smoke, mainiacjoe_overflow_concentric_impassable
Temple:   oiseaux_autumnal_temple

Action                     || total
---------------------------++-------
  Melee: Hand axe          ||    22
    Use: Scroll            ||     2
         Potion            ||     1
 Armour: Leather armour    ||     8
  Dodge: Dodged            ||    11
